 Dungeon Crawl Stone Soup version 0.25.1-2-g60ff931df9 (webtiles) character file.

Game seed: 16573836106481617916

86 Johnny the Digger (level 4, -4/33 HPs)
             Began as a Demigod Earth Elementalist on Oct 27, 2020.
             Slain by an iguana (12 damage)
             ... on level 3 of the Dungeon.
             The game lasted 00:01:57 (3139 turns).

Johnny the Digger (Demigod Earth Elementalist)      Turns: 3139, Time: 00:01:58

Health: -4/33      AC:  3    Str: 11    XL:     4   Next: 5%
Magic:  9/10       EV: 12    Int: 27    God:
Gold:   106        SH:  0    Dex: 16    Spells: 4/8 levels left

rFire    + . .     SeeInvis .   k - +2 whip (venom)
rCold    + . .     Gourm    .   (no shield)
rNeg     . . .     Faith    .   c - +0 robe
rPois    +         Spirit   .   (no helmet)
rElec    +         Reflect  .   (no cloak)
rCorr    +         Harm     .   i - +0 pair of gloves
MR       .....                  (no boots)
Stlth    +.........             (no amulet)
HPRegen  0.11/turn              l - +6 ring of intelligence
MPRegen  0.12/turn              j - ring of attention (curse)

@: resistant
A: high mp 1
a: no special abilities


You were on level 3 of the Dungeon.
You were not hungry.

You visited 1 branch of the dungeon, and saw 3 of its levels.

You collected 106 gold pieces.

Inventory:

Hand Weapons
 k - a +2 whip of venom (weapon)
Missiles
 b - 44 stones (quivered)
Armour
 c - a +0 robe (worn)
 i - a +0 pair of gloves (worn)
Jewellery
 j - a cursed ring of attention (right hand)
 l - a +6 ring of intelligence (left hand)
Scrolls
 a - a scroll of remove curse {unknown}
 e - a scroll of teleportation {unknown}
 h - a scroll of fog {unknown}
 n - a scroll of enchant armour {unknown}
 o - 3 scrolls of identify {unknown}
Potions
 g - a potion of curing {unknown}
 m - a potion of cancellation {unknown}
Comestibles
 d - 6 rations


   Skills:
 - Level 1.7 Dodging
 - Level 1.7 Stealth
 + Level 2.6 Spellcasting
   Level 0.8 Transmutations
 * Level 4.1 Earth Magic


You had 4 spell levels left.
You knew the following spells:

 Your Spells              Type           Power        Failure   Level  Hunger
a - Sandblast             Erth           ####..       1%          1    None
b - Stone Arrow           Conj/Erth      ##....       12%         3    ###....

Your spell library contained the following spells:

 Spells                   Type           Power        Failure   Level  Hunger
 Passwall                 Tmut/Erth      ###.....     4%          2    ##.....
 Animate Skeleton         Necr           N/A          10%         1    None
 Pain                     Necr           #...         10%         1    None
 Vampiric Draining        Necr           #.........   28%         3    ###....
 Petrify                  Tmut/Erth      ###.....     32%         4    ####...
 Animate Dead             Necr           N/A          67%         4    ####...
 Lee's Rapid Deconstruct  Erth           ####......   43%         5    ######.
 Agony                    Necr           #.......     95%         5    ######.


Dungeon Overview and Level Annotations

Branches:
Dungeon (3/15)

Annotations:
D:3 1 runed translucent door, Crazy Yiuf


Innate Abilities, Weirdness & Mutations

You have an increased reservoir of magic. (+10% MP)


Message History

You have reached level 4!
Unknown command.
Unknown command.
The iguana barely misses you.
Casting: Sandblast (safe; 1% risk of failure)
Confirm with . or Enter, or press ? or * to list all spells.
Aiming: Sandblast (safe; 1% risk of failure)
Press: ? - help, Shift-Dir - straight line, f - iguana
Aim: an iguana The blast of sand hits the iguana!
The iguana is heavily wounded.
b - 44 stones The iguana bites you.
* * * LOW HITPOINT WARNING * * *
The orc closely misses you.
Unknown command.
It was a potion of resistance.
You feel protected. The iguana bites you!
You die...

♣♣♣♣♣### #.........).... #
♣♣♣.♣....## #....?.........
..#♣..♣......##
#........?.....
..+.♣♣♣♣......#
##............. ..#♣♣
♣♣.....# #.............. #
♣♣##..### #..............
#....###............##
#.....##.g..........#
#########...#@##...........##
##.......[...#l##og.........#
#............#.o#.#........##
#.##.........##g..(.......#.
#.##..............<........
###.#.......................#
.##.............#...........
.#...........#.#............
............##.......#.....


You could see an iguana, a gnoll and an orc.

Vanquished Creatures
  An adder (D:2)
  A gnoll (D:3)
  An ooze (D:1)
  3 worms (D:2)
  2 leopard geckos (D:1)
  4 orcs (D:3)
  5 giant cockroaches
  7 goblins
  6 hobgoblins
  A jackal (D:2)
  3 kobolds
  3 bats
  2 frilled lizards (D:1)
  7 rats
46 creatures vanquished.

Notes
Turn   | Place    | Note
-------+----------+-------------------------------------------
     0 | D:1      | Johnny the Demigod Earth Elementalist began the quest for
                  | the Orb.
     0 | D:1      | Reached XP level 1. HP: 14/14 MP: 5/5
    72 | D:1      | Reached skill level 3 in Earth Magic
   302 | D:1      | Reached XP level 2. HP: 20/20 MP: 5/7
  1271 | D:2      | Reached XP level 3. HP: 26/26 MP: 3/9
  1712 | D:2      | Found a blossoming altar of Fedhas.
  2002 | D:2      | Found a faded altar of an unknown god.
  2518 | D:2      | Found a hazy altar of Hepliaklqana.
  2647 | D:2      | Reached skill level 4 in Earth Magic
  2713 | D:2      | Learned a level 3 spell: Stone Arrow
  3085 | D:3      | Found a runed translucent door.
  3086 | D:3      | Noticed Crazy Yiuf
  3126 | D:3      | Reached XP level 4. HP: 11/33 MP: 10/10
  3139 | D:3      | Slain by an iguana

Illustrated notes

Levels and vault maps discovered:
D:1:      dpeg_arrival_arbitrary_b, layout_rooms, minmay_tetromino_o4
D:2:      layout_basic, nicolae_overflow_hidden_temple,
          chequers_ecumenical_altar_simple_redux, minmay_tripent
D:3:      layout_rooms, uniq_crazy_yiuf_cottage

Skill      XL: |  1  2  3 |
---------------+----------+-----
Spellcasting   | 2 |  2.6
Earth Magic    | 3 4 |  4.1
Dodging        | |  1.7
Stealth        | |  1.7
Transmutations | |  0.8

Action                   |  1- 3 |  4- 6 || total
-------------------------+-------+-------++-------
Melee: Unarmed           |     2 |       ||     2
       Mace              |   119 |       ||   119
       Whip              |     3 |       ||     3
 Cast: Sandblast         |    33 |     1 ||    34
  Use: Potion            |       |     1 ||     1
 Stab: Sleeping          |     2 |       ||     2
  Eat: Chunk             |     7 |       ||     7
Armor: Robe              |    36 |       ||    36
Dodge: Dodged            |   141 |     2 ||   143
